 Dungeon Crawl Stone Soup version 0.17.0-28-g6e173f8 (webtiles) character file.

78782 4thArraOfDagon the Executioner (level 15, -5/146 HPs)
             Began as a Minotaur Berserker on Nov 25, 2015.
             Was a High Priest of Trog.
             Slain by the royal jelly (18 damage)
             ... on level 6 of the Pits of Slime.
             The game lasted 00:47:53 (7335 turns).

4thArraOfDagon the Executioner (Minotaur Berserker) Turns: 7335, Time: 00:47:53

Health: -5/146     AC: 18    Str: 22    XL:     15   Next: 19%
Magic:  24/29      EV:  4    Int:  9    God:    Trog [*****.]
Gold:   372        SH:  0    Dex:  7    Spells: 0 memorised, 14 levels left

rFire  + + .     SeeInvis +     a - +4 battleaxe (vamp)
rCold  + . .     Clarity  .     H - +3 gold dragon armour
rNeg   + . .     SustAt   .     (shield currently unavailable)
rPois  +         Gourm    .     (helmet restricted)
rElec  .         Spirit   .     z - +1 cloak {rPois}
rCorr  .         Warding  .     P - +1 pair of gloves
rMut   .         Stasis   .     J - +0 pair of boots
MR     +....                    S - amulet "Sachaecs" {rF+ Regen+ MP+9 SInv}
Stlth  ..........               x - ring of positive energy
                                l - +4 ring of evasion

@: corroded equipment, somewhat resistant to hostile enchantments, extremely
unstealthy
A: retaliatory headbutt, horns 2, molten scales 1, clumsy 2, deformed body,
robust 1, screaming 1, shaggy fur 1, spit poison 1, no device heal 1
a: Spit Poison, Berserk, Trog's Hand, Brothers in Arms, Burn Spellbooks,
Renounce Religion


You were on level 6 of the Pits of Slime.
You worshipped Trog.
Trog was extremely pleased with you.
You were very full.

You visited 4 branches of the dungeon, and saw 33 of its levels.
You also visited: Labyrinth, Sewer and Volcano.

You collected 1247 gold pieces.
You spent 875 gold pieces at shops.

Inventory:

Hand Weapons
 a - a +4 vampiric battleaxe (weapon)
 A - a +0 blowgun
 V - a +5 executioner's axe of freezing
Missiles
 j - 10 javelins
 n - 8 tomahawks of dispersal (quivered)
 o - 3 javelins of returning
 I - 4 throwing nets
 Z - 5 curare-tipped needles
Armour
 z - a +1 cloak of poison resistance (worn)
 H - a +3 gold dragon armour (worn)
 J - a +0 pair of boots (worn)
 P - a +1 pair of gloves (worn)
Rods
 g - a +4 rod of inaccuracy (10/10)
   (You found it in a labyrinth)
 p - a +4 lightning rod (12/12)
   (You found it in a labyrinth)
 t - a +3 rod of destruction (14/14)
   (You took it off a minotaur in a labyrinth)
Jewellery
 l - a +4 ring of evasion (left hand)
 w - an uncursed amulet of resist corrosion
 x - a ring of positive energy (right hand)
 y - the amulet "Zeom" {rMut +Fly MR+ Int+4}
   (You found it in a labyrinth)

   [amulet of resist mutation]

   It protects you from mutation.
   It affects your intelligence (+4).
   It affects your resistance to hostile enchantments.
   It lets you fly.
 K - an uncursed amulet of stasis
 S - the amulet "Sachaecs" (around neck) {rF+ Regen+ MP+9 SInv}
   (You bought it in a shop on level 4 of the Orcish Mines)

   [amulet of regeneration]

   It protects you from fire.
   It affects your magic capacity (+9).
   It lets you see invisible.
   It increases your rate of regeneration.
 T - an uncursed ring of teleportation
Wands
 G - a wand of hasting (3)
 L - a wand of random effects (23)
 Q - a wand of fire (13)
Scrolls
 d - a scroll of teleportation
 f - 3 scrolls of recharging
 h - a scroll of immolation
 u - a scroll of fear
 v - a scroll of remove curse
 R - a scroll of fog
Potions
 b - a potion of lignification
 i - 4 potions of brilliance
 k - a potion of cure mutation
 q - 2 potions of magic
 s - a potion of invisibility
 E - a potion of cancellation {unknown}
 F - 4 potions of berserk rage {unknown}
 N - a potion of resistance {unknown}
 U - a potion of flight {unknown}
Books
 e - a book of Ice

   Spells                             Type                      Level
   a - Ice Form                       Ice/Transmutation            4
   b - Metabolic Englaciation         Hexes/Ice                    5
   c - Ozocubu's Refrigeration        Ice                          6
   d - Bolt of Cold                   Conjuration/Ice              6
   e - Freezing Cloud                 Conjuration/Ice/Air          6
   f - Simulacrum                     Ice/Necromancy               6
   Trog disapproves of the use of such an item.
 r - a book of Geomancy

   Spells                             Type                      Level
   a - Sandblast                      Earth                        1
   b - Stoneskin                      Transmutation/Earth          2
   c - Passwall                       Transmutation/Earth          3
   d - Stone Arrow                    Conjuration/Earth            3
   e - Petrify                        Transmutation/Earth          4
   f - Lee's Rapid Deconstruction     Earth                        5
   Trog disapproves of the use of such an item.
 B - a book of Debilitation

   Spells                             Type                      Level
   a - Corona                         Hexes                        1
   b - Slow                           Hexes                        2
   c - Gell's Gravitas                Hexes/Translocation          3
   d - Inner Flame                    Hexes/Fire                   3
   e - Cause Fear                     Hexes                        4
   f - Leda's Liquefaction            Hexes/Earth                  4
   Trog disapproves of the use of such an item.
 M - a book of Party Tricks

   Spells                             Type                      Level
   a - Summon Butterflies             Summoning                    1
   b - Apportation                    Translocation                1
   c - Tukima's Dance                 Hexes                        3
   d - Alistair's Intoxication        Transmutation/Poison         4
   e - Invisibility                   Hexes                        6
   Trog disapproves of the use of such an item.
Miscellaneous
 D - a phantom mirror
 Y - a box of beasts {used: 3}
Comestibles
 c - 5 bread rations
 m - 4 meat rations


   Skills:
 - Level 12.2 Fighting
 * Level 22.0 Axes
 + Level 14.9 Armour
 - Level 2.1 Dodging
 - Level 8.0 Evocations


You had 14 spell levels left.
You didn't know any spells.

Dungeon Overview and Level Annotations

Branches:
Dungeon (15/15)              Lair (8/8) D:8           Slime (6/6) Lair:6
    Orc (4/4) D:11            Elf (0/3) Orc:3
 Temple: D:4-7        Swamp: Lair:3-6    Shoals: Lair:3-6     Snake: Lair:3-6
 Spider: Lair:3-6    Vaults: D:13-14     Depths: D:15

Altars:
Dithmenos
Elyvilon
Vehumet
Xom
Beogh
Jiyva

Shops:
Orc:4 ***%

Annotations:
Lair:3 exclusion: oklob plant
Lair:7 exclusion: ice statue
Slime:6 Royal Jelly


Innate Abilities, Weirdness & Mutations

You reflexively headbutt those who attack you in melee.
You have a pair of horns on your head.
You are partially covered in molten scales (AC +1).
You are very clumsy. (Dex -4)
Armour fits poorly on your strangely shaped body.
You are robust (+10% HP).
You occasionally shout uncontrollably at your foes.
You are covered in fur (AC +1).
You can spit weak poison.
Potions and wands are less effective at restoring your health.


Message History

Level annotation: Royal Jelly The royal jelly hits you!!
You are splashed with acid!
The acid burns!
The royal jelly closely misses you. The royal jelly barely misses you.
The royal jelly hits you!
You are splashed with acid!
The acid corrodes you!
The acid burns!
There is a stone staircase leading up, spattered with blood here.
Unknown command.
Unknown command.
Unknown command.
The royal jelly hits you!!
* * * LOW HITPOINT WARNING * * *
You are splashed with acid!
The acid corrodes you!
The acid burns!
* * * LOW HITPOINT WARNING * * *
The royal jelly hits you but does no damage.
The royal jelly hits you.
* * * LOW HITPOINT WARNING * * *
You are splashed with acid!
The acid burns!
* * * LOW HITPOINT WARNING * * *
The royal jelly hits you!!
You die...

...#### ........##
..........##
............#
.............#
.............#
..............###
.............@J..###
....................#
.....................
.....................
.....................
....................
###................
##...............
###.............


You could see the royal jelly.

Vanquished Creatures
  7 acid blobs
  An azure jelly (Slime:4)
  A war gargoyle (D:15)
  A minotaur (Lab)
  A death ooze (Slime:6)
  A rakshasa (D:15)
  2 great orbs of eyes
  Harold (Lair:4)
  A catoblepas (Lair:3)
  A centaur warrior (D:13)
  A deep troll earth mage (D:15)
  4 orc high priests (Orc:4)
  Urug (Lair:3)
  The ghost of M4edhros the Prestidigitator, a novice OpAr of Qazlal (D:8)
  2 unseen horrors
  A harpy (D:15)
  A necromancer (D:15)
  8 orc knights
  An ugly thing (D:10)
  2 shining eyes
  The ghost of lucasterio the Digger, a novice GrEE of Sif Muna (D:6)
  6 elephants (Lair:8)
  A centaur zombie (D:15)
  A molten gargoyle (Volcano)
  3 black mambas
  10 spiny frogs
  A centaur skeleton (D:15)
  2 komodo dragons (Lair:1)
  A yaktaur (D:15)
  4 trolls
  A blue devil (Lair:7)
  10 polar bears
  A raiju (Lair:8)
  Prince Ribbit (D:6)
  A two-headed ogre (D:11)
  A boulder beetle (Lair:8)
  75 slime creatures
  A tarantella (shapeshifter) (D:15)
  Sigmund (D:2)
  2 deep elf magi
  A wyvern (D:13)
  A fire elemental (Volcano)
  3 fire bats (Lair:1)
  5 hippogriffs
  14 yaks
  2 basilisks
  4 golden eyes (Slime:6)
  14 wargs
  A mottled dragon (D:13)
  4 hungry ghosts (Lab)
  15 wolves (Lair:8)
  4 hell hounds (Lair:8)
  9 water moccasins
  A soldier ant (D:15)
  29 orc warriors
  A sky beast (D:14)
  2 eyes of draining
  8 ice beasts
  6 porcupines
  12 black bears (Lair:8)
  8 ogres
  7 crocodiles
  4 centaurs
  3 big kobolds
  7 giant frogs
  3 scorpions
  9 killer bees (D:11)
  A crimson imp (D:5)
  2 giant frog zombies
  2 gnoll shamans (D:10)
  14 hounds
  24 jellies
  13 orc wizards
  20 orc priests
  3 iguanas
  A giant frog skeleton (D:11)
  2 worker ants
  7 sheep (Lair:8)
  A hound zombie (D:5)
  A hound skeleton (D:5)
  A worker ant zombie (D:11)
  13 gnolls
  9 adders
  35 river rats
  A white imp (Lair:7)
  2 oozes (Lair:6)
  A giant gecko (D:11)
  82 orcs
  A bat (Orc:1)
  A hobgoblin (D:2)
  5 jackals (Lair:8)
  12 kobolds
  5 quokkas
  A ball python (D:6)
  2 giant cockroaches
  4 giant newts
  2 goblins (D:1)
  6 rats
  3 fungi
  5 plants
622 creatures vanquished.

Vanquished Creatures (collateral kills)
  An acid blob (Slime:6)
  A great orb of eyes (Slime:6)
  An orc high priest (Orc:4)
  Sonja (Lair:2)
  A wyvern (Lair:2)
  2 river rats (Lair:2)
7 creatures vanquished.

Vanquished Creatures (others)
  A komodo dragon (Lair:8)
  A wraith (D:11)
  A killer bee (D:8)
  A fire vortex (Volcano)
  4 fungi
  4 plants (Lair:8)
12 creatures vanquished.

Grand Total: 641 creatures vanquished

Notes
Turn   | Place    | Note
--------------------------------------------------------------
     0 | D:1      | 4thArraOfDagon the Minotaur Berserker began the quest for the Orb.
     0 | D:1      | Reached XP level 1. HP: 19/19 MP: 0/0
   120 | D:2      | Reached skill level 4 in Axes
   120 | D:2      | Reached XP level 2. HP: 21/27 MP: 1/1
   124 | D:2      | Noticed Sigmund
   132 | D:2      | Killed Sigmund
   132 | D:2      | Reached skill level 5 in Axes
   132 | D:2      | Reached XP level 3. HP: 27/34 MP: 2/2
   132 | D:2      | Reached XP level 4. HP: 32/41 MP: 3/3
   132 | D:2      | Reached XP level 5. HP: 36/47 MP: 4/4
   157 | D:2      | Found a shadowy altar of Dithmenos.
   209 | D:2      | Reached skill level 6 in Axes
   408 | D:4      | Reached skill level 5 in Fighting
   421 | D:4      | Reached XP level 6. HP: 56/56 MP: 5/5
   422 | D:4      | Reached ** piety under Trog
   500 | D:5      | Entered Level 5 of the Dungeon
   544 | D:5      | Reached skill level 7 in Axes
   555 | D:5      | Reached skill level 5 in Armour
   576 | D:5      | Reached XP level 7. HP: 59/61 MP: 6/6
   615 | D:5      | Found a radiant altar of Vehumet.
   625 | D:6      | Noticed Prince Ribbit
   636 | D:6      | Found a glowing drain.
   652 | D:6      | Killed Prince Ribbit
   652 | D:6      | Reached skill level 8 in Axes
   664 | D:6      | Noticed lucasterio's ghost (novice GrEE)
   668 | Sewer    | Entered a sewer
   789 | D:6      | Killed lucasterio's ghost
   789 | D:6      | Reached skill level 9 in Axes
   789 | D:6      | Reached XP level 8. HP: 71/71 MP: 7/7
  1123 | D:10     | Entered Level 10 of the Dungeon
  1188 | D:11     | Reached skill level 1 in Evocations
  1205 | D:11     | Reached skill level 10 in Axes
  1213 | D:11     | Reached *** piety under Trog
  1266 | D:11     | Noticed a troll
  1287 | D:11     | Killed a troll
  1287 | D:11     | Reached XP level 9. HP: 76/80 MP: 9/9
  1435 | D:13     | Killed an unseen horror
  1435 | D:13     | Reached skill level 11 in Axes
  1511 | D:11     | You fall through a shaft for 3 floors!
  1521 | D:15     | Entered Level 15 of the Dungeon
  1538 | D:15     | Noticed a centaur zombie
  1540 | D:15     | Noticed a centaur skeleton
  1554 | D:15     | Killed a centaur skeleton
  1556 | D:15     | Killed a centaur zombie
  1576 | D:15     | Reached skill level 12 in Axes
  1576 | D:15     | Reached XP level 10. HP: 54/90 MP: 11/11
  1631 | D:15     | Noticed a harpy
  1632 | D:15     | Noticed a necromancer
  1634 | D:15     | Noticed a rakshasa
  1635 | D:15     | Noticed an orb spider
  1640 | D:15     | Found a large runed door.
  1640 | D:15     | Found a large runed door.
  1702 | D:15     | Noticed a yaktaur
  1708 | D:15     | Killed a yaktaur
  1728 | D:15     | Got a translucent leather armour
  1814 | D:15     | Killed a harpy
  1827 | D:15     | Killed a necromancer
  1863 | D:15     | Killed a rakshasa
  1863 | D:15     | Reached skill level 13 in Axes
  1927 | D:15     | Noticed a deep troll earth mage
  1929 | D:15     | Noticed a war gargoyle
  1932 | D:15     | Killed a deep troll earth mage
  1932 | D:15     | Reached skill level 5 in Evocations
  1938 | D:15     | Killed a war gargoyle
  1938 | D:15     | Reached skill level 10 in Fighting
  1938 | D:15     | Reached XP level 11. HP: 20/99 MP: 12/14
  1949 | D:15     | Found a shimmering altar of Xom.
  1954 | D:15     | Found a shimmering altar of Xom.
  1957 | D:15     | great loot
  2142 | D:14     | HP: 2/99 [something (7)]
  2148 | D:14     | HP: 5/148 [something (3)]
  2154 | D:14     | HP: 7/148 [something (2)]
  2160 | D:14     | HP: 7/148 [something (6)]
  2162 | D:14     | Killed an unseen horror
  2265 | D:14     | Noticed an orc knight
  2273 | D:14     | Killed an orc knight
  2273 | D:14     | Reached skill level 10 in Armour
  2279 | D:14     | HP: 6/150 [orc warrior/antimagic hand axe[an orc knight] (18)]
  2281 | D:14     | HP: 1/150 [orc warrior/hand axe[an orc knight] (6)]
  2327 | D:14     | Gained mutation: You are covered in fur (AC +1). [mutagenic meat]
  2328 | D:14     | Gained mutation: You are robust (+10% HP). [mutagenic meat]
  2329 | D:14     | Gained mutation: You are partially covered in molten scales (AC +1). [mutagenic meat]
  2331 | D:14     | Gained mutation: Armour fits poorly on your strangely shaped body. [mutagenic meat]
  2366 | D:13     | Noticed a griffon
  2425 | D:14     | gr8 loot
  2478 | D:14     | Noticed a centaur zombie
  2478 | D:14     | Noticed a green ugly thing
  2478 | D:14     | Noticed a green ugly thing
  2488 | D:13     | Noticed a centaur warrior
  2494 | D:13     | Killed a centaur warrior
  2494 | D:13     | Reached skill level 14 in Axes
  2720 | D:10     | Noticed a cyan ugly thing
  2736 | D:10     | Killed a cyan ugly thing
  3176 | D:10     | rly
  3181 | D:10     | Identified a scroll of acquirement
  3183 | D:10     | rly
  3225 | D:10     | Identified the cursed +0 leather armour of the Armadillo {SInv} (You took it off a deep elf mage on level 15 of the Dungeon)
  3252 | D:11     | Noticed a two-headed ogre
  3258 | D:11     | Killed a two-headed ogre
  3268 | D:11     | Found a staircase to the Orcish Mines.
  3295 | Orc:1    | Entered Level 1 of the Orcish Mines
  3457 | Orc:2    | Reached **** piety under Trog
  3534 | Orc:4    | Entered Level 4 of the Orcish Mines
  3545 | Orc:4    | Received a gift from Trog
  3545 | Orc:4    | Reached skill level 15 in Axes
  3550 | Orc:4    | thx
  3601 | Orc:4    | Reached XP level 12. HP: 111/121 MP: 16/16
  3674 | Orc:3    | Found a staircase to the Elven Halls.
  3702 | Orc:4    | Found a roughly hewn altar of Beogh.
  3823 | Orc:4    | rly
  4011 | Orc:4    | Noticed an orc high priest
  4033 | Orc:4    | Killed an orc high priest
  4049 | Orc:4    | Noticed an orc high priest
  4072 | Orc:4    | Killed an orc high priest
  4123 | Orc:4    | Noticed an orc high priest
  4135 | Orc:4    | Killed an orc high priest
  4184 | Orc:4    | Noticed an orc high priest
  4194 | Orc:4    | Killed an orc high priest
  4217 | Orc:4    | Noticed an orc high priest
  4229 | Orc:4    | Killed an orc high priest
  4233 | Orc:4    | Reached skill level 16 in Axes
  4285 | Orc:4    | Found Xipof's Assorted Antiques.
  4285 | Orc:4    | Found Rajyxen's General Store.
  4286 | Orc:4    | Found Puurghid's Food Emporium.
  4286 | Orc:4    | Found Ketoupti's Assorted Antiques.
  4297 | Orc:4    | Bought a scroll labeled QUCLEIZXUHU for 36 gold pieces
  4297 | Orc:4    | Bought a fizzy white potion for 32 gold pieces
  4297 | Orc:4    | Bought a scroll labeled ERIRAEW VUY for 36 gold pieces
  4301 | Orc:4    | Bought the amulet "Sachaecs" {rF+ Regen+ MP+9 SInv} for 771 gold pieces
  4468 | D:8      | Noticed M4edhros's ghost (novice OpAr)
  4475 | D:8      | Killed M4edhros's ghost
  4496 | D:8      | Reached ***** piety under Trog
  4499 | D:8      | Found a staircase to the Lair.
  4508 | Lair:1   | Entered Level 1 of the Lair of Beasts
  4609 | Lair:1   | Received a gift from Trog
  4808 | Lair:1   | Found a dark tunnel.
  4821 | Volcano  | Entered a volcano
  4824 | Volcano  | Reached XP level 13. HP: 119/129 MP: 18/18
  4977 | Lair:2   | Noticed Sonja
  5006 | Lair:2   | Killed Sonja
  5050 | Lair:3   | Reached skill level 17 in Axes
  5130 | Lair:3   | Noticed Urug
  5141 | Lair:3   | Killed Urug
  5162 | Lair:4   | Noticed Harold
  5188 | Lair:4   | Killed Harold
  5249 | Lair:4   | Found a white marble altar of Elyvilon.
  5271 | Lair:3   | Received a gift from Trog
  5476 | Lair:6   | Reached skill level 18 in Axes
  5485 | Lair:6   | Found a staircase to the Slime Pits.
  5660 | Lair:8   | Entered Level 8 of the Lair of Beasts
  5664 | Lair:8   | Received a gift from Trog
  5764 | Lair:8   | Found a labyrinth entrance.
  5773 | Lab      | Entered a labyrinth
  6022 | Lab      | Reached skill level 19 in Axes
  6031 | Lab      | Got a dazzling scale mail
  6046 | Lab      | Identified a +3 rod of destruction (4/14) (You took it off a minotaur in a labyrinth)
  6051 | Lab      | Got a clouded bronze amulet
  6054 | Lab      | Identified the amulet "Zeom" {rMut +Fly MR+ Int+4} (You found it in a labyrinth)
  6062 | Lab      | Identified the +1 scale mail of Cohimit {rElec rF- MP+9} (You found it in a labyrinth)
  6203 | Lair:8   | Received a gift from Trog
  6267 | Lair:8   | Got a shimmering executioner's axe
  6268 | Lair:8   | Identified the +1 executioner's axe of the Puffball {pain, *Contam *Drain Str+2 Int+11} (You found it on level 8 of the Lair of Beasts)
  6292 | Lair:8   | Reached XP level 14. HP: 113/138 MP: 19/19
  6573 | Slime:1  | Entered Level 1 of the Pits of Slime
  6573 | Slime:1  | Noticed an acid blob
  6583 | Slime:1  | Killed an acid blob
  6583 | Slime:1  | Reached skill level 20 in Axes
  6635 | Slime:2  | Noticed an acid blob
  6654 | Slime:3  | Paralysed by a great orb of eyes for 2 turns
  6674 | Slime:3  | Received a gift from Trog
  6680 | Slime:3  | rly
  6791 | Slime:6  | Entered Level 6 of the Pits of Slime
  6793 | Slime:6  | Gained mutation: You are clumsy. (Dex -2) [a shining eye]
  6831 | Slime:6  | Noticed an acid blob
  6847 | Slime:6  | Noticed an acid blob
  6853 | Slime:6  | Killed an acid blob
  6853 | Slime:6  | Reached skill level 21 in Axes
  6862 | Slime:5  | Killed an acid blob
  6936 | Slime:6  | Found a viscous altar of Jiyva.
  6936 | Slime:6  | Noticed an acid blob
  6939 | Slime:6  | Noticed an acid blob
  6940 | Slime:6  | Noticed the royal jelly
  6942 | Slime:6  | Noticed an acid blob
  6953 | Slime:6  | Noticed an acid blob
  6953 | Slime:6  | Killed an acid blob
  6956 | Slime:6  | Killed an acid blob
  6958 | Slime:6  | Noticed an acid blob
  6958 | Slime:6  | Noticed an acid blob
  6958 | Slime:6  | Noticed an acid blob
  6967 | Slime:6  | Killed an acid blob
  6968 | Slime:6  | Noticed an acid blob
  7064 | Slime:4  | Noticed an azure jelly
  7072 | Slime:4  | Killed an azure jelly
  7120 | Slime:5  | Reached XP level 15. HP: 144/146 MP: 20/20
  7134 | Slime:5  | Noticed an acid blob
  7137 | Slime:5  | Gained mutation: Potions and wands are less effective at restoring your health. [a shining eye]
  7161 | Slime:6  | Paralysed by a great orb of eyes for 5 turns
  7213 | Slime:6  | Killed an acid blob
  7253 | Slime:5  | Received a gift from Trog
  7257 | Slime:5  | Gained mutation: You occasionally shout uncontrollably at your foes. [a shining eye]
  7260 | Slime:5  | Gained mutation: You can spit weak poison. [a shining eye]
  7263 | Slime:5  | Gained mutation: You are very clumsy. (Dex -4) [a shining eye]
  7265 | Slime:5  | Killed an acid blob
  7271 | Slime:5  | Reached skill level 22 in Axes
  7335 | Slime:6  | Slain by the royal jelly

Action                   |  1- 3 |  4- 6 |  7- 9 | 10-12 | 13-15 || total
-------------------------+-------+-------+-------+-------+-------++-------
Melee: Hand axe          |    13 |    91 |    87 |       |       ||   191
       War axe           |       |       |    85 |     1 |       ||    86
       Battleaxe         |       |       |       |   544 |   207 ||   751
       Executioner's axe |       |       |       |    18 |   404 ||   422
Invok: Berserk           |     1 |     1 |     7 |    19 |     9 ||    37
       Trog's Hand       |       |     2 |     8 |    30 |    13 ||    53
       Brothers in Arms  |       |       |       |     1 |       ||     1
 Abil: Evoke Teleportati |       |       |       |     3 |     9 ||    12
Evoke: Wand              |       |       |     1 |     1 |     1 ||     3
       Box of beasts     |       |       |       |       |     3 ||     3
  Use: Potion            |       |     1 |       |     6 |     7 ||    14
       Scroll            |       |       |     4 |    16 |    11 ||    31
  Eat: Chunk             |       |     1 |    11 |    39 |     5 ||    56
       Beef jerky        |       |       |     1 |       |     3 ||     4
       Meat ration       |       |       |       |     1 |     2 ||     3
       Pizza             |       |       |       |     1 |       ||     1
       Bread ration      |       |       |       |       |     1 ||     1
       Royal jelly       |       |       |       |       |    12 ||    12
       Fruit             |       |       |       |       |     1 ||     1
